 Dungeon Crawl Stone Soup version 0.30.1-9-gdf580d7c3d (webtiles) character file.

Game seed: 6720009076086197366

25041 jagang the Carver (level 13, -14/104 HPs)
             Began as a Human Fighter on Sept 27, 2023.
             Was a High Priest of the Shining One.
             Demolished by an enormous slime creature (48 damage)
             ... on level 12 of the Dungeon.
             The game lasted 01:19:16 (11728 turns).

jagang the Carver (Human Fighter)                  Turns: 11728, Time: 01:19:17

Health: -14/104    AC: 32    Str: 26    XL:     13   Next: 47%
Magic:  13/15      EV:  7    Int: 10    God:    the Shining One [*****.]
Gold:   563        SH: 15    Dex: 19    Spells: 12/12 levels left

rFire   + . .        W - +2 falchion (flame)
rCold   + . .        c - +0 buckler
rNeg    + + +        I - +4 gold dragon scales
rPois   +            S - +0 helmet "Otezudabb" {rN+ rCorr}
rElec   .            X - +2 cloak
rCorr   +            Z - +1 pair of gloves {hurl}
SInv    .            v - +2 pair of boots
Will    .....        z - amulet of regeneration Stlth
                     q - +6 ring of dexterity
HPRegen 1.17/turn    T - +6 ring of strength
MPRegen 0.14/turn

%: no passive effects
@: divinely shielded, glowing
A: no striking features
a: Renounce Religion, Divine Shield, Cleansing Flame, Summon Divine Warrior


You were on level 12 of the Dungeon.
You worshipped the Shining One.
The Shining One was extremely pleased with you.
You visited 2 branches of the dungeon, and saw 13 of its levels.
You also visited: Ossuary and Bailey.

You collected 888 gold pieces.
You spent 325 gold pieces at shops.

Inventory:

Hand Weapons
 R - a +1 long sword
 W - a +2 falchion of flaming (weapon)
Missiles
 j - 3 datura-tipped darts
 t - 10 atropa-tipped darts
 A - 3 throwing nets
 B - 16 javelins (quivered)
 H - 4 curare-tipped darts
 L - 34 poisoned darts
Armour
 c - a +0 buckler (worn)
 v - a +2 pair of boots (worn)
 I - +4 gold dragon scales (worn)
 Q - a +1 cloak of preservation
 S - the +0 helmet "Otezudabb" (worn) {rN+ rCorr}
   (You found it on level 12 of the Dungeon)

   rN:        It protects you from negative energy.
   rCorr:     It protects you from acid and corrosion.
 U - +0 acid dragon scales
 X - a +2 cloak (worn)
 Z - a +1 pair of gloves of hurling (worn)
Jewellery
 b - an amulet of reflection
 q - a +6 ring of dexterity (left hand)
 x - a ring of positive energy
 z - an amulet of regeneration (around neck)
 T - a +6 ring of strength (right hand)
Wands
 M - a wand of mindburst (6)
 P - a wand of polymorph (6)
 V - a wand of flame (14)
 Y - a wand of quicksilver (5)
Scrolls
 a - 3 scrolls of fear {unknown}
 e - 3 scrolls of enchant weapon {unknown}
 f - 3 scrolls of noise {unknown}
 k - 4 scrolls of fog {unknown}
 m - 2 scrolls of butterflies {unknown}
 n - 4 scrolls of amnesia {unknown}
 r - 3 scrolls of teleportation
 s - 3 scrolls of magic mapping {unknown}
 u - 2 scrolls of immolation
 w - 2 scrolls of poison {unknown}
 y - 3 scrolls of torment {unknown}
 F - 2 scrolls of acquirement {unknown}
 G - 4 scrolls of vulnerability {unknown}
 J - a scroll of silence
Potions
 d - 3 potions of resistance {unknown}
 g - a potion of ambrosia {unknown}
 i - 9 potions of curing
 l - a potion of flight
 o - a potion of berserk rage {unknown}
 p - 4 potions of heal wounds
 C - 5 potions of lignification {unknown}
 D - 3 potions of attraction {unknown}
 E - 3 potions of haste {unknown}
 N - 2 potions of brilliance {unknown}
 O - 2 potions of mutation {unknown}
Miscellaneous
 K - a lightning rod (inert)


   Skills:
 * Level 10.6 Fighting
 * Level 12.6 Long Blades
 - Level 5.8 Throwing
 * Level 10.2 Armour
 + Level 3.6 Dodging
 * Level 10.1 Shields
 + Level 3.7 Invocations


You had 12 spell levels left.
You didn't know any spells.
Your spell library was empty.

Dungeon Overview and Level Annotations

Branches:
Dungeon (12/15)            Temple (1/1) D:4            Lair (0/5) D:10
    Orc (0/2) D:10        Ossuary (visited)          Bailey (visited)

Altars:
Ashenzari
Cheibriados
Dithmenos
Elyvilon
Fedhas
Gozag
Hepliaklqana
Kikubaaqudgha
Makhleb
Nemelex Xobeh
Okawaru
Qazlal
Ru
Sif Muna
Trog
Uskayaw
Vehumet
Wu Jian
Xom
Yredelemnul
Zin
The Shining One

Shops:
D:11 *


Message History

You hit the enormous slime creature. You burn the enormous slime creature.
The enormous slime creature is moderately wounded.
The enormous slime creature hits you but does no damage.
You slash the enormous slime creature! You burn the enormous slime creature.
The enormous slime creature is heavily wounded.
The enormous slime creature closely misses you.
You slash the enormous slime creature! You burn the enormous slime creature.
The enormous slime creature is heavily wounded.
You slash the enormous slime creature! You burn the enormous slime creature.
The enormous slime creature is heavily wounded.
The enormous slime creature hits you but does no damage.
You slash the enormous slime creature! You burn the enormous slime creature.
The enormous slime creature is heavily wounded.
The enormous slime creature hits you.
You hit the enormous slime creature. You burn the enormous slime creature.
The enormous slime creature is severely wounded.
You hit the enormous slime creature but do no damage.
The enormous slime creature is severely wounded.
You block the enormous slime creature's attack.
You slash the enormous slime creature! You burn the enormous slime creature.
The enormous slime creature is severely wounded.
You block the enormous slime creature's attack.
You slice the enormous slime creature!! You burn the enormous slime creature.
The enormous slime creature is severely wounded.
You slash the enormous slime creature! You burn the enormous slime creature.
The enormous slime creature is severely wounded.
The enormous slime creature hits you!!! The Shining One protects you from harm!
You slash the enormous slime creature! You burn the enormous slime creature.
The enormous slime creature is almost dead.
The enormous slime creature hits you!!!
* * * LOW HITPOINT WARNING * * *
You feel much better.
You block the enormous slime creature's attack.
You slash the enormous slime creature! You burn the enormous slime creature.
The enormous slime creature is almost dead.
You hit the enormous slime creature but do no damage.
The enormous slime creature is almost dead.
The enormous slime creature hits you!!!
You die...

#......................
#......................
##.........#...........
##.......##..........
##.......##.....#..
###.###.##......#. ###
#.##......# ##J#......#
#@##.....## #..#......#
##........# #........##
( #.........# .
##<.......## ...#
###..........# ...#
###............# ....
...............##


You could see an enormous slime creature.

Vanquished Creatures
  A boulder beetle (D:11)
  2 two-headed ogres
  Pikel (D:7)
  An orc knight (D:9)
  A deep elf pyromancer (D:12)
  2 cyclopes (D:11)
  Maurice (D:10)
  2 gargoyles (D:11)
  2 kobold demonologists (D:12)
  An unseen horror (D:11)
  A rime drake (D:10)
  2 komodo dragons
  2 trolls
  A polar bear (D:9)
  A hornet (D:9)
  6 slime creatures (D:12)
  2 wyverns (D:9)
  2 vampires
  3 yaks (D:10)
  A wraith (D:12)
  A steam dragon (D:9)
  6 vampire mosquitoes (D:12)
  2 acid dragons
  A water moccasin (D:7)
  13 orc warriors
  6 ice beasts
  A black bear (D:6)
  An ogre (D:6)
  2 wolves
  14 centaurs
  7 kobold brigands
  2 phantoms
  2 bullfrogs
  A gnoll sergeant (D:9)
  2 scorpions
  5 water moccasin zombies (Ossuary)
  12 wights
  8 killer bees (D:9)
  3 electric eels (D:11)
  6 hounds
  A gnoll bouda (D:9)
  12 orc priests
  3 jellies
  5 iguanas
  2 sleepcaps
  18 orc wizards
  2 mummies (Ossuary)
  10 gnolls
  9 adders
  2 shadow imps
  2 white imps
  An ufetubus (D:5)
  3 adder zombies (Ossuary)
  A worm (D:5)
  5 dart slugs
  74 orcs
  6 endoplasms
  7 giant cockroaches
  5 goblins
  5 hobgoblins
  22 kobolds
  5 quokkas
  3 ball pythons
  3 bats (D:1)
  A frilled lizard (D:2)
  5 gnoll zombies (Ossuary)
  9 hobgoblin zombies (Ossuary)
  4 kobold zombies (Ossuary)
  5 orc zombies (Ossuary)
  4 rats
364 creatures vanquished.

Notes
Turn   | Place    | Note
-------+----------+-------------------------------------------
     0 | D:1      | jagang the Human Fighter began the quest for the Orb.
     0 | D:1      | Reached XP level 1. HP: 18/18 MP: 1/1
   113 | D:1      | Reached XP level 2. HP: 24/24 MP: 2/2
  1251 | D:2      | Reached XP level 3. HP: 21/29 MP: 3/3
  1531 | D:2      | Reached XP level 4. HP: 31/35 MP: 4/4
  1805 | D:3      | You fall into a shaft and drop 3 floors!
  1815 | D:6      | Reached skill level 3 in Long Blades
  1820 | D:6      | Reached XP level 5. HP: 41/41 MP: 5/5
  1856 | D:6      | Found a shimmering blue altar of Sif Muna.
  1858 | D:6      | Found a glowing golden altar of the Shining One.
  1859 | D:6      | Found a snail-covered altar of Cheibriados.
  1859 | D:6      | Found a burning altar of Makhleb.
  1859 | D:6      | Found a broken altar of Ashenzari.
  1860 | D:6      | Found a basalt altar of Yredelemnul.
  1867 | D:6      | Became a worshipper of the Shining One
  1927 | D:6      | Noticed a centaur
  1953 | D:6      | Reached XP level 6. HP: 7/48 MP: 6/6
  2013 | D:6      | Reached skill level 4 in Long Blades
  2038 | D:6      | Found a blossoming altar of Fedhas.
  2063 | D:6      | Noticed a black bear
  2083 | D:6      | Killed a black bear
  2084 | D:6      | Reached XP level 7. HP: 42/54 MP: 7/7
  2180 | D:6      | Found a sand-covered staircase.
  2235 | Ossuary  | Entered an ossuary
  2246 | Ossuary  | Reached * piety under the Shining One
  2258 | Ossuary  | Reached skill level 5 in Long Blades
  2320 | Ossuary  | Reached ** piety under the Shining One
  2359 | Ossuary  | Reached XP level 8. HP: 59/61 MP: 8/8
  2383 | Ossuary  | Reached *** piety under the Shining One
  2560 | D:5      | Entered Level 5 of the Dungeon
  2611 | D:5      | Reached skill level 5 in Fighting
  2611 | D:5      | Reached skill level 5 in Armour
  2611 | D:5      | Reached skill level 5 in Shields
  2644 | D:5      | Reached skill level 6 in Long Blades
  3083 | D:4      | Reached XP level 9. HP: 68/68 MP: 9/9
  3202 | D:4      | Found a radiant altar of Vehumet.
  3330 | D:4      | Reached skill level 7 in Long Blades
  3338 | D:4      | Found a staircase to the Ecumenical Temple.
  3352 | Temple   | Entered the Ecumenical Temple
  4143 | D:3      | Found a faded altar of an unknown god.
  5706 | D:7      | Found a flagged portal.
  5719 | Bailey   | Entered a bailey
  6068 | Bailey   | Reached skill level 10 in Long Blades
  6068 | Bailey   | Reached XP level 10. HP: 80/80 MP: 10/10
  6089 | Bailey   | Reached **** piety under the Shining One
  6610 | Bailey   | Reached skill level 11 in Long Blades
  6610 | Bailey   | Reached skill level 5 in Throwing
  6610 | Bailey   | Reached XP level 11. HP: 89/89 MP: 11/11
  6792 | D:7      | Noticed Pikel
  6803 | D:7      | Killed Pikel
  6804 | D:7      | Reached XP level 12. HP: 95/95 MP: 12/12
  7096 | D:7      | Reached skill level 1 in Invocations
  7613 | D:8      | Reached skill level 1 in Dodging
  8295 | D:9      | Noticed a two-headed ogre
  8304 | D:9      | Killed a two-headed ogre
  8913 | D:10     | Entered Level 10 of the Dungeon
  9143 | D:9      | Reached skill level 12 in Long Blades
  9210 | D:10     | Noticed Maurice
  9269 | D:10     | Killed Maurice
  9306 | D:10     | Found a staircase to the Lair.
  9336 | D:10     | Reached skill level 10 in Fighting
  9667 | D:10     | Found a staircase to the Orcish Mines.
  9928 | D:11     | Noticed a boulder beetle
  9948 | D:11     | Killed a boulder beetle
 10033 | D:11     | Reached XP level 13. HP: 103/103 MP: 15/15
 10167 | D:11     | Found Bec Wagg's Assorted Antiques.
 10260 | D:11     | Bought a scroll labelled XEZXIM EKUEJ for 31 gold pieces
 10260 | D:11     | Bought a scroll labelled DECYNEOVEA for 31 gold pieces
 10260 | D:11     | Bought a pair of embroidered gloves for 232 gold pieces
 10260 | D:11     | Bought a scroll labelled SEXUSI XIACEH for 31 gold pieces
 10944 | D:12     | Reached skill level 10 in Armour
 10947 | D:12     | Reached ***** piety under the Shining One
 10996 | D:12     | Identified the +0 helmet "Otezudabb" {rN+ rCorr}
 11170 | D:12     | Reached skill level 10 in Shields
 11330 | D:12     | The Shining One protects you from harm!
 11724 | D:12     | The Shining One protects you from harm!
 11728 | D:12     | Demolished by an enormous slime creature

Illustrated notes

Levels and vault maps discovered:
D:1:      ldierk_walled_garden, layout_rooms, chequers_serial_rivers_small_b,
          kennysheep_doodads
D:2:      layout_rooms, serial_bayou_pond_d, minmay_ruptured
D:3:      layout_basic, ebering_ecumenical_altar_sacrificial
D:4:      layout_basic, mainiacjoe_overflow_cross_hatched, temple_fountains
D:5:      layout_loops_cross
D:6:      layout_basic, grunt_temple_overflow_open,
          mainiacjoe_overflow_alcove_4, nicolae_ossuary_entry_false_entrances
D:7:      layout_loops_cross, enter_bailey_3, uniq_pikel
D:8:      layout_basic
D:9:      layout_irregular_city
D:10:     layout_cave_pools, hellmonk_lair_entry_icy, david_orc_5, uniq_maurice
D:11:     layout_cave_pods, serial_shops, shop, serial_bayou,
          serial_bayou_ford_a, serial_bayou_lagoon_a, serial_bayou_pond_e,
          serial_bayou_pond_a
D:12:     layout_cave_pods, minmay_misc_feat_tiny,
          hangedman_decor_diamond_cutter, kennysheep_okawaru_gauntlet
Temple:   dpeg_chambers_temple

Skill      XL: |  1  2  3  4  5  6  7  8  9 10 11 12 13 |
---------------+----------------------------------------+-----
Long Blades    | 3 4 5 6 10 11 12 | 12.6
Fighting       | 4 5 7 9 10 | 10.6
Armour         | 4 5 7 8 9 10 | 10.2
Shields        | 4 5 7 8 9 10 | 10.1
Throwing       | 4 5 |  5.8
Invocations    | 2 3 |  3.7
Dodging        | 2 3 |  3.6

Action                     |  1- 3 |  4- 6 |  7- 9 | 10-12 | 13-15 || total
---------------------------+-------+-------+-------+-------+-------++-------
  Melee: Long sword        |    99 |    64 |   424 |   637 |    93 ||  1317
         Unarmed           |       |       |     3 |       |       ||     3
         Falchion          |       |       |       |       |   222 ||   222
  Throw: Dart              |     1 |     1 |     8 |    15 |     3 ||    28
         Javelin           |       |       |       |     8 |     7 ||    15
 Invoke: Divine Shield     |       |       |       |     4 |     2 ||     6
         Cleansing Flame   |       |       |       |     2 |     1 ||     3
  Evoke: Wand              |       |       |     2 |     3 |     4 ||     9
         Lightning rod     |       |       |       |       |     4 ||     4
    Use: Scroll            |       |     5 |     7 |       |     2 ||    14
         Potion            |       |     1 |     2 |     3 |     2 ||     8
 Armour: Scale mail        |    53 |    44 |   110 |       |       ||   207
         Gold dragon scale |       |       |   148 |   602 |   168 ||   918
  Dodge: Dodged            |    44 |    40 |   140 |   136 |    65 ||   425
  Block: Buckler           |    36 |    27 |   110 |   311 |    96 ||   580
